TOP OF THE 1ST |
Sioux Falls Red Pandas batting - Pitching for Gryfindor Braves : RHP Travis Carson
|
Pitching: RHP Travis Carson
|
|
Batting: RHB Jorge Díaz
|
0-0: DOUBLE (Flyball, 8LM)
|
Batting: RHB Raúl Delgado
|
0-0: Ball 1-0: Ball 2-0: Fly out, F7 (Flyball, 7M)
|
Batting: RHB Eduardo Sánchez
|
0-0: Swinging Strike 0-1: Ball 1-1: Foul Ball, location: 2F 1-2: Foul Ball, location: 2F 1-2: Foul Ball, location: 2F 1-2: Ground out 1-3 (Groundball, 15)
|
Batting: RHB Jim Scott
|
0-0: Ground out 2-3 (Groundball, 2R)
|
Top of the 1st over - 0 run(s), 1 hit(s), 0 error(s), 1 left on base; Sioux Falls 0 - Gryfindor 0 |
BOTTOM OF THE 1ST |
Gryfindor Braves batting - Pitching for Sioux Falls Red Pandas : RHP Mike Chambers
|
Pitching: RHP Mike Chambers
|
|
Batting: LHB Micheal Garren
|
0-0: Called Strike 0-1: Foul Ball, location: 2F 0-2: SINGLE (Groundball, 3S)
|
Batting: LHB Dave Lee
|
0-0: Called Strike 0-1: Fly out, F6 (Popup, 13)
|
Batting: RHB Turner Coleman
|
0-0: Called Strike Micheal Garren steals 2nd base 0-1: Ball 1-1: Swinging Strike 1-2: Ball 2-2: Fly out, F8 (Flyball, 8LXD) Runner from 2nd tags up, SAFE at 3rd, no throw
|
Batting: LHB Michael Smith
|
0-0: Ball 1-0: Foul Ball, location: 2F 1-1: Foul Ball, location: 2F 1-2: Ball 2-2: Ball 3-2: Strikes out looking
|
Bottom of the 1st over - 0 run(s), 1 hit(s), 0 error(s), 1 left on base; Sioux Falls 0 - Gryfindor 0 |
TOP OF THE 2ND |
Sioux Falls Red Pandas batting - Pitching for Gryfindor Braves : RHP Travis Carson
|
Batting: LHB António González
|
0-0: Ball 1-0: Called Strike 1-1: Ball 2-1: Ground out 4-3 (Groundball, 4)
|
Batting: RHB Mario Piña
|
0-0: Called Strike 0-1: Ball 1-1: Ground out 6-3 (Groundball, 6)
|
Batting: SHB Carroll Kline
|
0-0: Ball 1-0: Ball 2-0: Called Strike 2-1: SINGLE (Line Drive, 56)
|
Batting: SHB Tsing Guao
|
0-0: Foul Ball, location: 2F 0-1: Fly out, F9 (Flyball, 89D)
|
Top of the 2nd over - 0 run(s), 1 hit(s), 0 error(s), 1 left on base; Sioux Falls 0 - Gryfindor 0 |
BOTTOM OF THE 2ND |
Gryfindor Braves batting - Pitching for Sioux Falls Red Pandas : RHP Mike Chambers
|
Batting: SHB Arturo Romero
|
0-0: Ball 1-0: Ball 2-0: Foul Ball, location: 2F 2-1: Called Strike 2-2: Foul Ball, location: 2F 2-2: Ball 3-2: Strikes out swinging
|
Batting: LHB Jack Schmitt
|
0-0: Foul Ball, location: 2F 0-1: Ball 1-1: Foul Ball, location: 2F 1-2: Foul Ball, location: 2F 1-2: Foul Ball, location: 2F 1-2: Ball 2-2: Strikes out swinging
|
Batting: SHB Emílio Gonzáles
|
0-0: Called Strike 0-1: TRIPLE (Line Drive, 3D)
|
Batting: RHB Jim Unknown
|
0-0: Foul Ball, location: 2F 0-1: Ball 1-1: Swinging Strike 1-2: Foul Ball, location: 2F 1-2: Ball 2-2: SINGLE (Flyball, 8RS) Emílio Gonzáles scores
|
Batting: RHB Jim Unknown
|
0-0: Called Strike 0-1: Ball 1-1: Ball 2-1: Ball 3-1: Base on Balls Jim Unknown to second
|
Batting: LHB Micheal Garren
|
0-0: Ball 1-0: Ball 2-0: Ball 3-0: Called Strike 3-1: SINGLE (Groundball, 6MD) (infield hit) Jim Unknown to third Jim Unknown to second
|
Batting: LHB Dave Lee
|
0-0: Ball 1-0: Ball 2-0: Called Strike 2-1: Foul Ball, location: 2F 2-2: Strikes out swinging
|
Bottom of the 2nd over - 1 run(s), 3 hit(s), 0 error(s), 3 left on base; Sioux Falls 0 - Gryfindor 1 |
TOP OF THE 3RD |
Sioux Falls Red Pandas batting - Pitching for Gryfindor Braves : RHP Travis Carson
|
Batting: RHB Jeremy Murphy
|
0-0: Ball 1-0: Foul Ball, location: 2F 1-1: Fly out, F9 (Flyball, 89M)
|
Batting: RHB Jorge Díaz
|
0-0: SINGLE (Groundball, 56)
|
Batting: RHB Raúl Delgado
|
0-0: Foul Ball, location: 2F 0-1: Swinging Strike 0-2: Ball 1-2: Ball 2-2: Ball 3-2: Grounds into double play, 6-4-3 (Groundball, 6M)
|
Top of the 3rd over - 0 run(s), 1 hit(s), 0 error(s), 0 left on base; Sioux Falls 0 - Gryfindor 1 |
BOTTOM OF THE 3RD |
Gryfindor Braves batting - Pitching for Sioux Falls Red Pandas : RHP Mike Chambers
|
Batting: RHB Turner Coleman
|
0-0: Swinging Strike 0-1: Called Strike 0-2: Fly out, F8 (Flyball, 8LD)
|
Batting: LHB Michael Smith
|
0-0: Swinging Strike 0-1: Swinging Strike 0-2: Fly out, F3 (Popup, 23)
|
Batting: SHB Arturo Romero
|
0-0: Ball 1-0: Ball 2-0: Ball 3-0: Called Strike 3-1: Called Strike 3-2: Foul Ball, location: 2F 3-2: Ground out 4-3 (Groundball, 4)
|
Bottom of the 3rd over - 0 run(s), 0 hit(s), 0 error(s), 0 left on base; Sioux Falls 0 - Gryfindor 1 |
TOP OF THE 4TH |
Sioux Falls Red Pandas batting - Pitching for Gryfindor Braves : RHP Travis Carson
|
Batting: RHB Eduardo Sánchez
|
0-0: Ball 1-0: Foul Ball, location: 2F 1-1: Ball 2-1: Fly out, F9 (Flyball, 9D)
|
Batting: RHB Jim Scott
|
0-0: Called Strike 0-1: Called Strike 0-2: Fly out, F5 (Line Drive, 56)
|
Batting: LHB António González
|
0-0: Ball 1-0: Called Strike 1-1: Ball 2-1: Ball 3-1: Foul Ball, location: 2F 3-2: Foul Ball, location: 2F 3-2: Base on Balls
|
Batting: RHB Mario Piña
|
0-0: Ball 1-0: Called Strike 1-1: Ball 2-1: Ball 3-1: Foul Ball, location: 2F 3-2: Foul Ball, location: 2F 3-2: Ground out 5-3 (Groundball, 56)
|
Top of the 4th over - 0 run(s), 0 hit(s), 0 error(s), 1 left on base; Sioux Falls 0 - Gryfindor 1 |
BOTTOM OF THE 4TH |
Gryfindor Braves batting - Pitching for Sioux Falls Red Pandas : RHP Mike Chambers
|
Batting: LHB Jack Schmitt
|
0-0: Ball 1-0: Swinging Strike 1-1: SINGLE (Groundball, 6MD)
|
Batting: SHB Emílio Gonzáles
|
0-0: Called Strike 0-1: Ball 1-1: Called Strike 1-2: Strikes out swinging
|
Pitching: LHP Cody Brown
|
|
Batting: RHB Jim Unknown
|
0-0: Called Strike 0-1: Swinging Strike 0-2: Fly out, F8 (Flyball, 8LM)
|
Batting: RHB Jim Unknown
|
0-0: Called Strike 0-1: SINGLE (Groundball, 4M) Jack Schmitt to second Runner from 2nd tries for 3rd, SAFE, throw made to third Jim Unknown to second
|
Batting: LHB Micheal Garren
|
0-0: SINGLE (Flyball, 7S) Jack Schmitt scores Jim Unknown to third Runner from 3rd tries for Home, SAFE, no throw or cutoff
|
Batting: LHB Dave Lee
|
0-0: Called Strike 0-1: Ball 1-1: Swinging Strike 1-2: Foul Ball, location: 2F 1-2: Ground out 1-3 (Groundball, 15)
|
Bottom of the 4th over - 2 run(s), 3 hit(s), 0 error(s), 1 left on base; Sioux Falls 0 - Gryfindor 3 |
TOP OF THE 5TH |
Sioux Falls Red Pandas batting - Pitching for Gryfindor Braves : RHP Travis Carson
|
Batting: SHB Carroll Kline
|
0-0: Called Strike 0-1: SINGLE (Line Drive, 8RS)
|
Batting: SHB Tsing Guao
|
0-0: Called Strike 0-1: Ball 1-1: Ball 2-1: Ball 3-1: Called Strike 3-2: Base on Balls Carroll Kline to second
|
Batting: RHB Jeremy Murphy
|
0-0: Called Strike 0-1: Fly out, F9 (Flyball, 9S)
|
Batting: RHB Jorge Díaz
|
0-0: SINGLE (Flyball, 9S) Carroll Kline to third Tsing Guao to second Runner from 3rd tries for Home, SAFE, no throw or cutoff
|
Batting: RHB Raúl Delgado
|
0-0: Ball 1-0: Ball 2-0: Foul Ball, location: 2F 2-1: Ball 3-1: Grounds into double play, 6-4-3 (Groundball, 6)
|
Top of the 5th over - 1 run(s), 2 hit(s), 0 error(s), 1 left on base; Sioux Falls 1 - Gryfindor 3 |
BOTTOM OF THE 5TH |
Gryfindor Braves batting - Pitching for Sioux Falls Red Pandas : LHP Cody Brown
|
Batting: RHB Turner Coleman
|
0-0: Hit by Pitch
|
Batting: LHB Michael Smith
|
0-0: Ball 1-0: Ball 2-0: Swinging Strike 2-1: Called Strike 2-2: Strikes out swinging
|
Batting: SHB Arturo Romero
|
0-0: Ball 1-0: Swinging Strike 1-1: Ball 2-1: Ball 3-1: Base on Balls Turner Coleman to second
|
Batting: LHB Jack Schmitt
|
0-0: Ball 1-0: Swinging Strike 1-1: Called Strike 1-2: Strikes out swinging
|
Batting: SHB Emílio Gonzáles
|
0-0: Called Strike 0-1: Ground out 2-3 (Groundball, 23)
|
Bottom of the 5th over - 0 run(s), 0 hit(s), 0 error(s), 2 left on base; Sioux Falls 1 - Gryfindor 3 |
TOP OF THE 6TH |
Sioux Falls Red Pandas batting - Pitching for Gryfindor Braves : RHP Travis Carson
|
Batting: RHB Eduardo Sánchez
|
0-0: Called Strike 0-1: DOUBLE (Line Drive, 89D)
|
Batting: RHB Jim Scott
|
0-0: DOUBLE (Line Drive, 8LXD) Eduardo Sánchez scores
|
Batting: LHB António González
|
0-0: SINGLE (Line Drive, 34) Jim Scott to third
|
Batting: RHB Mario Piña
|
0-0: Called Strike 0-1: Foul Ball, location: 2F 0-2: Foul Ball, location: 2F 0-2: SINGLE (Flyball, 89M) Jim Scott scores António González to second Runner from 2nd tries for 3rd, SAFE, throw made to third
|
Batting: SHB Carroll Kline
|
0-0: Swinging Strike 0-1: Ball 1-1: Swinging Strike 1-2: Ball 2-2: Strikes out swinging
|
Pitching: RHP Joe Benítez
|
|
Batting: SHB Tsing Guao
|
0-0: Called Strike Mario Piña is caught stealing 2nd base 0-1: Swinging Strike 0-2: Fly out, F7 (Flyball, 7S)
|
Top of the 6th over - 2 run(s), 4 hit(s), 0 error(s), 1 left on base; Sioux Falls 3 - Gryfindor 3 |
BOTTOM OF THE 6TH |
Gryfindor Braves batting - Pitching for Sioux Falls Red Pandas : LHP Cody Brown
|
Batting: RHB Jim Unknown
|
0-0: Fly out, F6 (Popup, 6)
|
Batting: RHB Jim Unknown
|
0-0: Called Strike 0-1: Ball 1-1: Fly out, F9 (Flyball, 9M)
|
Batting: LHB Micheal Garren
|
0-0: Ball 1-0: Foul Ball, location: 2F 1-1: Ball 2-1: Ground out 4-3 (Groundball, 4)
|
Bottom of the 6th over - 0 run(s), 0 hit(s), 0 error(s), 0 left on base; Sioux Falls 3 - Gryfindor 3 |
TOP OF THE 7TH |
Sioux Falls Red Pandas batting - Pitching for Gryfindor Braves : RHP Joe Benítez
|
Batting: RHB Jeremy Murphy
|
0-0: Ball 1-0: Ball 2-0: Ball 3-0: Called Strike 3-1: Ground out 6-3 (Groundball, 6)
|
Pinch Hitting: RHB Dale Carney
|
0-0: Foul Ball, location: 2F 0-1: Foul Ball, location: 2F 0-2: Hit by Pitch
|
Pinch Hitting: LHB Steve Riggs
|
0-0: Called Strike 0-1: Called Strike 0-2: Strikes out swinging
|
Batting: RHB Eduardo Sánchez
|
0-0: Ball 1-0: Foul Ball, location: 2F 1-1: SINGLE (Groundball, 56D) Dale Carney to second
|
Batting: RHB Jim Scott
|
0-0: Ball 1-0: Fly out, F7 (Line Drive, 7D)
|
Top of the 7th over - 0 run(s), 1 hit(s), 0 error(s), 2 left on base; Sioux Falls 3 - Gryfindor 3 |
BOTTOM OF THE 7TH |
Gryfindor Braves batting - Pitching for Sioux Falls Red Pandas : LHP Cody Brown
|
Now at 1B: Dale Carney
|
|
Now in RF: David Morales
|
|
Pinch Hitting: RHB Jim Unknown
|
0-0: Called Strike 0-1: Foul Ball, location: 2F 0-2: Ball 1-2: Foul Ball, location: 2F 1-2: Ball 2-2: Ball 3-2: Ground out 4-3 (Groundball, 4M)
|
Pitching: RHP Jesús Rivera
|
|
Batting: RHB Turner Coleman
|
0-0: Ball 1-0: Ball 2-0: Foul Ball, location: 2F 2-1: Swinging Strike 2-2: Foul Ball, location: 2F 2-2: Strikes out swinging
|
Batting: LHB Michael Smith
|
0-0: Called Strike 0-1: Foul Ball, location: 2F 0-2: Ball 1-2: Ball 2-2: Strikes out swinging
|
Bottom of the 7th over - 0 run(s), 0 hit(s), 0 error(s), 0 left on base; Sioux Falls 3 - Gryfindor 3 |
TOP OF THE 8TH |
Sioux Falls Red Pandas batting - Pitching for Gryfindor Braves : RHP Joe Benítez
|
Now at 1B: Reed Ramsey
|
|
Batting: LHB António González
|
0-0: Called Strike 0-1: Ball 1-1: Foul Ball, location: 2F 1-2: Ball 2-2: Strikes out looking
|
Batting: RHB Mario Piña
|
0-0: Called Strike 0-1: Ground out 4-3 (Groundball, 4M)
|
Pinch Hitting: SHB Dan Hunt
|
0-0: Ball 1-0: Ball 2-0: Ball 3-0: Called Strike 3-1: Base on Balls
|
Pitching: RHP George Armstrong
|
|
Batting: SHB Tsing Guao
|
0-0: Ball 1-0: Swinging Strike 1-1: Ball 2-1: Ball 3-1: Foul Ball, location: 2F 3-2: Foul Ball, location: 2F 3-2: Base on Balls Dan Hunt to second
|
Batting: RHB Jeremy Murphy
|
0-0: Ball 1-0: SINGLE (Line Drive, 34D) Dan Hunt to third Tsing Guao to second Runner from 3rd tries for Home, SAFE, no throw or cutoff
|
Batting: RHB Dale Carney
|
0-0: Fly out, F8 (Popup, 4MD)
|
Top of the 8th over - 1 run(s), 1 hit(s), 0 error(s), 2 left on base; Sioux Falls 4 - Gryfindor 3 |
BOTTOM OF THE 8TH |
Gryfindor Braves batting - Pitching for Sioux Falls Red Pandas : RHP Jesús Rivera
|
Pitching: LHP Rio Bavin
|
|
Now in LF: Chris Wright
|
|
Batting: SHB Arturo Romero
|
0-0: Ball 1-0: Ball 2-0: Ball 3-0: Base on Balls
|
Batting: LHB Jack Schmitt
|
0-0: Sac Bunt - play at first, batter OUT! 2-3 Arturo Romero to second
|
Pitching: RHP Feliks Mleczko
|
|
Batting: SHB Emílio Gonzáles
|
0-0: Ball 1-0: Ball 2-0: Ball 3-0: Called Strike 3-1: Base on Balls
|
Batting: RHB Jim Unknown
|
0-0: Called Strike 0-1: Bunted foul 0-2: Ball 1-2: Fly out, F9 (Flyball, 9LM)
|
Batting: RHB Jim Unknown
|
0-0: Ball 1-0: Ball 2-0: Ball 3-0: Called Strike 3-1: Ground out 5-3 (Groundball, 5)
|
Bottom of the 8th over - 0 run(s), 0 hit(s), 0 error(s), 2 left on base; Sioux Falls 4 - Gryfindor 3 |
TOP OF THE 9TH |
Sioux Falls Red Pandas batting - Pitching for Gryfindor Braves : RHP George Armstrong
|
Batting: RHB David Morales
|
0-0: Foul Ball, location: 2F 0-1: Ball 1-1: DOUBLE (Flyball, 78XD)
|
Batting: RHB Eduardo Sánchez
|
0-0: Called Strike 0-1: Ball 1-1: Fly out, F9 (Flyball, 9S)
|
Batting: RHB Jim Scott
|
0-0: Ball 1-0: Called Strike 1-1: Foul Ball, location: 2F 1-2: Foul Ball, location: 2F 1-2: Fly out, F1 (Line Drive, 15)
|
Batting: LHB António González
|
0-0: Called Strike 0-1: Called Strike 0-2: Strikes out looking
|
Top of the 9th over - 0 run(s), 1 hit(s), 0 error(s), 1 left on base; Sioux Falls 4 - Gryfindor 3 |
BOTTOM OF THE 9TH |
Gryfindor Braves batting - Pitching for Sioux Falls Red Pandas : RHP Feliks Mleczko
|
Pitching: LHP Jim Unknown
|
|
Pinch Hitting: RHB Jim Unknown
|
0-0: Foul Ball, location: 2F 0-1: Ground out 5-3 (Groundball, 5)
|
Batting: SHB Reed Ramsey
|
0-0: Ball 1-0: Ball 2-0: Called Strike 2-1: Foul Ball, location: 2F 2-2: Fly out, F6 (Line Drive, 6)
|
Batting: RHB Turner Coleman
|
0-0: Foul Ball, location: 2F 0-1: Ball 1-1: Swinging Strike 1-2: Strikes out swinging
|
Bottom of the 9th over - 0 run(s), 0 hit(s), 0 error(s), 0 left on base; Sioux Falls 4 - Gryfindor 3 |
|